 Dungeon Crawl Stone Soup version 0.21-a0-538-gd16b88a (webtiles) character file.

184 robertstho the Magician (level 5, -8/28 HPs)
             Began as a Deep Elf Venom Mage on Dec 15, 2017.
             Killed by divine providence
             ... invoked by an orc priest
              (13 damage)
             ... on level 4 of the Dungeon.
             The game lasted 00:11:33 (3066 turns).

robertstho the Magician (Deep Elf Venom Mage)       Turns: 3066, Time: 00:11:33

Health: -8/28      AC:  6    Str:  5    XL:     5   Next: 36%
Magic:  2/15       EV: 13    Int: 21    God:
Gold:   115        SH:  0    Dex: 15    Spells: 12/16 levels left

rFire    . . .     SeeInvis .   g - +0 club
rCold    . . .     Gourm    .   (no shield)
rNeg     . . .     Faith    .   a - +0 robe
rPois    .         Spirit   .   (no helmet)
rElec    .         Reflect  .   (no cloak)
rCorr    .         Harm     .   i - +1 pair of gloves
MR       .....                  (no boots)
Stlth    ++........             (no amulet)
HPRegen  0.09/turn              (no ring)
MPRegen  0.14/turn              (no ring)

@: no status effects
A: talons 1, iridescent scales 1
a: no special abilities


You were on level 4 of the Dungeon.
You were hungry.

You visited 1 branch of the dungeon, and saw 4 of its levels.

You collected 115 gold pieces.

Inventory:

Hand Weapons
 g - a +0 club (weapon)
 l - a cursed -1 hunting sling
Missiles
 e - 30 stones (quivered)
 j - 21 bolts
Armour
 a - a +0 robe (worn)
 i - a +1 pair of gloves (worn)
Scrolls
 d - a scroll of remove curse {unknown}
 f - a scroll of fog {unknown}
 h - 5 scrolls of identify {unknown}
 k - a scroll of random uselessness {unknown}
 p - 2 scrolls of enchant armour {unknown}
 q - a scroll of noise {unknown}
 r - a scroll of teleportation {unknown}
Potions
 m - a potion of flight
 o - a potion of resistance
Books
 b - a Young Poisoner's Handbook

   Spells                             Type                      Level
   a - Sting                          Conjuration/Poison           1
   b - Poisonous Vapours              Poison/Air                   2
   c - Mephitic Cloud                 Conjuration/Poison/Air       3
   d - Olgreb's Toxic Radiance        Poison                       4
   e - Venom Bolt                     Conjuration/Poison           5
Comestibles
 c - 3 bread rations


   Skills:
 + Level 0.2 Fighting
 + Level 2.9 Dodging
 - Level 2.4 Stealth
 * Level 6.1 Spellcasting
 + Level 2.6 Conjurations
 + Level 3.9 Poison Magic


You had 12 spell levels left.
You knew the following spells:

 Your Spells              Type           Power        Failure   Level  Hunger
a - Sting                 Conj/Pois      ###.         2%          1    None
b - Mephitic Cloud        Conj/Pois/Air  ###.....     12%         3    ##.....


Dungeon Overview and Level Annotations

Branches:
Dungeon (4/15)
 Temple: D:4-7

Altars:
Cheibriados
Sif Muna
Yredelemnul
The Shining One


Innate Abilities, Weirdness & Mutations

You have sharp toenails.
You are partially covered in iridescent scales. (AC +2)


Message History

Aim: a hound The sting misses the hound.
The hound pauses to sniff the ground.
The hound bites you.
You closely miss the hound. Your kick misses the hound. The hound bites you.
The hound barely misses you.
An adder comes into view.
The hound bites you but does no damage. x2
The hound bites you.
The orc priest invokes the aid of Beogh against you.
Beogh smites you! The hound bites you. The hound bites you but does no damage.
The orc priest invokes the aid of Beogh against you.
Beogh smites you!
* * * LOW HITPOINT WARNING * * *
The hound bites you but does no damage.
There is a stone staircase leading up here.
The orc priest mumbles some strange prayers to Beogh against you.
Beogh smites you!
You die...

#.........#
#.........#
#.........#
#.........#
#.........#
#.........#
#.........####
#............#
#....@....##.#########
##...hS..## .........
##.....## #$.......
#####.### ##........
#.o.###.o.(.....
###..##.#.......
##o.o.#.......
###o.#.?....>
#...##...o..


You could see a hound, an orc priest, an adder and an orc.

Vanquished Creatures
  An orc priest (D:3)
  An iguana (D:4)
  6 adders
  An ooze (D:1)
  3 worms (D:2)
  A dart slug (D:3)
  2 leopard geckos (D:3)
  3 orcs (D:3)
  2 giant cockroaches
  9 hobgoblins
  4 jackals (D:2)
  5 kobolds
  4 bats
  4 frilled lizards
  8 goblins
  4 rats
58 creatures vanquished.

Notes
Turn   | Place    | Note
-------+----------+-------------------------------------------
     0 | D:1      | robertstho the Deep Elf Venom Mage began the quest for the Orb.
     0 | D:1      | Reached XP level 1. HP: 10/10 MP: 6/6
   346 | D:1      | Reached XP level 2. HP: 11/15 MP: 1/8
   773 | D:1      | Reached skill level 4 in Spellcasting
   976 | D:2      | Reached XP level 3. HP: 9/19 MP: 0/10
  1954 | D:2      | Reached skill level 5 in Spellcasting
  1954 | D:2      | Reached XP level 4. HP: 24/24 MP: 5/13
  1959 | D:2      | Learned a level 3 spell: Mephitic Cloud
  2040 | D:2      | Found a glowing golden altar of the Shining One.
  2398 | D:3      | Found a basalt altar of Yredelemnul.
  2444 | D:3      | HP: 1/24 [orc priest (2)]
  2445 | D:3      | Gained mutation: You are partially covered in iridescent scales. (AC +2) [potion of mutation]
  2445 | D:3      | Gained mutation: You have sharp toenails. [potion of mutation]
  2447 | D:3      | Reached XP level 5. HP: 1/28 MP: 2/15
  2904 | D:3      | Found a deep blue altar of Sif Muna.
  2959 | D:3      | Found a snail-covered altar of Cheibriados.
  3036 | D:4      | Reached skill level 6 in Spellcasting
  3066 | D:4      | Killed from afar by an orc priest

Vault maps used:
D:1:      minmay_arrival_wavy_path, minmay_misc_feat_tiny
D:2:      lemuel_coloured_pillars_altar, first_bread, kennysheep_generic_room_10
D:3:      yredelemnul_altar_generic, kennysheep_slug_shrine, st_stairs_6,
          lemuel_blue_sif_altar
D:4:      lightli_sewer_entry_pipes, uniq_sigmund, uniq_pikel,
          uniq_crazy_yiuf_cottage

Skill      XL: |  1  2  3  4  5 |
---------------+----------------+-----
Spellcasting   | 4 5 6 |  6.1
Conjurations   | 2 |  2.6
Fighting       | |  0.2
Dodging        | |  2.9
Stealth        | |  2.4
Poison Magic   | |  3.9

Action                   |  1- 3 |  4- 6 || total
-------------------------+-------+-------++-------
Melee: Club              |    27 |     1 ||    28
Throw: Stone             |     2 |       ||     2
 Cast: Sting             |   115 |    60 ||   175
       Mephitic Cloud    |       |     5 ||     5
  Use: Potion            |       |     5 ||     5
  Eat: Chunk             |     3 |     3 ||     6
Armor: Robe              |    20 |    12 ||    32
Dodge: Dodged            |    41 |    13 ||    54

Table legend:
 A = Spawn XP
 B = Non-spawn XP
 C = Spawn XP percentage of total XP
 D = Spawn monster count
 E = Non-spawn monster count
 F = Spawn count percentage of total count
 G = Total turns spent on level
                    A         B        C        D         E        F      G
               +---------+---------+-------+---------+---------+-------+---------
         Total |       0 |     263 |   0.0 |       0 |      58 |   0.0 |  3066
               +---------+---------+-------+---------+---------+-------+---------
           D:1 |       0 |      29 |   0.0 |       0 |      14 |   0.0 |   818
           D:2 |       0 |      97 |   0.0 |       0 |      25 |   0.0 |  1633
           D:3 |       0 |     100 |   0.0 |       0 |      18 |   0.0 |   576
           D:4 |       0 |      37 |   0.0 |       0 |       1 |   0.0 |    39
               +---------+---------+-------+---------+---------+-------+---------
